 Dungeon Crawl Stone Soup version 0.30-a0-177-g1cb5dbfd7a (webtiles) character file.

Game seed: 2895364521221178361

28 sqittles the Firebug (level 3, -1/26 HPs)
             Began as a Draconian Fire Elementalist on Oct 3, 2022.
             Slain by a gnoll
             ... wielding a +0 club
              (5 damage)
             ... on level 1 of the Dungeon.
             The game lasted 00:13:00 (574 turns).

sqittles the Firebug (Draconian Fire Elementalist)   Turns: 574, Time: 00:13:01

Health: -1/26      AC:  5    Str: 10    XL:     3   Next: 0%
Magic:  1/6        EV: 12    Int: 17    God:
Gold:   37         SH:  0    Dex: 11    Spells: 5/6 levels left

rFire   . . .      SeeInvis .    (no weapon)
rCold   . . .      Faith    .    (no shield)
rNeg    . . .      Spirit   .    (body armour unavailable)
rPois   .          Reflect  .    (helmet restricted)
rElec   .          Harm     .    (no cloak)
rCorr   .          Rampage  .    (no gloves)
Will    .....                    (no boots)
Stlth   ++........               (no amulet)
HPRegen 0.24/turn                (no ring)
MPRegen 0.10/turn                (no ring)

@: no status effects
A: AC +5, unfitting armour, cold-blooded
a: no special abilities


You were on level 1 of the Dungeon.
You visited 1 branch of the dungeon, and saw 1 of its levels.

You collected 37 gold pieces.

Inventory:

Missiles
 e - 2 poisoned darts
Scrolls
 b - a scroll of teleportation {unknown}
 d - 4 scrolls of identify {unknown}
 f - a scroll of blinking {unknown}
Potions
 a - a potion of magic
 c - 2 potions of curing {unknown}


   Skills:
 + Level 1.8 Dodging
 + Level 1.9 Stealth
 + Level 2.3 Spellcasting
 + Level 1.1 Conjurations
 + Level 3.7 Fire Magic


You had 5 spell levels left.
You knew the following spells:

 Your Spells              Type           Power      Damage    Failure   Level
a - Foxfire               Conj/Fire      40%        2x1d6     7%          1

Your spell library contained the following spells:

 Spells                   Type           Power      Damage    Failure   Level
 Scorch                   Fire           28%        2d6       6%          2
 Momentum Strike          Conj/Tloc      8%         3d8       22%         2
 Inner Flame              Hex/Fire       8%         N/A       26%         3
 Blink                    Tloc           4%         N/A       28%         2
 Kindle Blastsparks       Fire/Tloc/Air  12%        2d11      34%         3
 Lesser Beckoning         Tloc           2%         N/A       50%         3
 Flame Wave               Conj/Fire      10%        2d6       56%         4


Dungeon Overview and Level Annotations

Branches:
Dungeon (1/15)

Altars:


Innate Abilities, Weirdness & Mutations

Your plain brown scales are hard. (AC +5)
You cannot fit into any form of body armour.
You are cold-blooded and may be slowed by cold attacks.


Message History

Your foxfire dissipates!
The foxfire hits the gnoll.
The gnoll is heavily wounded.
You see here a scroll labelled MINODE YXKISSI.
The gnoll attacks as you move away! The gnoll hits you with a +0 club.
You hit the gnoll.
Your tail-slap misses the gnoll.
The gnoll is severely wounded.
The gnoll completely misses you.
You closely miss the gnoll.
The gnoll is severely wounded.
The gnoll hits you but does no damage.
You hit the gnoll but do no damage.
Your tail-slap misses the gnoll.
The gnoll is severely wounded.
The gnoll closely misses you.
You barely miss the gnoll.
The gnoll is severely wounded.
The gnoll closely misses you.
You hit the gnoll but do no damage.
The gnoll is severely wounded.
The gnoll barely misses you.
You hit the gnoll.
The gnoll is severely wounded.
The gnoll barely misses you.
You barely miss the gnoll.
The gnoll is severely wounded.
The gnoll hits you with a +0 club!
* * * LOW HITPOINT WARNING * * *
You closely miss the gnoll.
The gnoll is severely wounded.
The gnoll misses you.
You closely miss the gnoll.
The gnoll is severely wounded.
The gnoll barely misses you.
You hit the gnoll. You tail-slap the gnoll.
The gnoll is almost dead.
The gnoll barely misses you.
You hit the gnoll but do no damage.
The gnoll is almost dead.
The gnoll hits you with a +0 club.
You die...

..≈..~~≈~<~~....~~#
...~~~≈≈~~≈≈~....≈#
~.~..≈~≈.≈≈~.....~#
.≈.~≈.~.~~....~~~~#
..~.~~≈.~....~≈≈≈~#
....~~~...~.~≈≈≈≈≈#
##.......~≈~≈~≈≈≈≈#
#################
#@# #g#### #.?..#
####.# #.# ##.#
####..#
##.....#####
~.~..~.~...~#


You could see a gnoll.

Vanquished Creatures
  A gnoll (D:1)
  An endoplasm (D:1)
  3 goblins (D:1)
  3 hobgoblins (D:1)
  A ball python (D:1)
  3 bats (D:1)
  2 frilled lizards (D:1)
  2 kobolds (D:1)
  3 rats (D:1)
19 creatures vanquished.

Vanquished Creatures (others)
  32 foxfires (D:1)
32 creatures vanquished.

Grand Total: 51 creatures vanquished

Notes
Turn   | Place    | Note
-------+----------+-------------------------------------------
     0 | D:1      | sqittles the Draconian Fire Elementalist began the quest
                  | for the Orb.
     0 | D:1      | Reached XP level 1. HP: 14/14 MP: 3/3
   179 | D:1      | Reached XP level 2. HP: 10/20 MP: 0/5
   513 | D:1      | Found a faded altar of an unknown god.
   544 | D:1      | Reached XP level 3. HP: 26/26 MP: 3/6
   574 | D:1      | Slain by a gnoll

Illustrated notes

Levels and vault maps discovered:
D:1:      dpeg_arrival_more_subterranean_lakeside_camping, layout_loops_ring,
          chequers_ecumenical_altar_island, serial_shops, shop_statue,
          dreamdust_princess_corridor, hangedman_decor_clover_reticule,
          minmay_tall_x

Action                   || total
-------------------------++-------
Melee: Unarmed           ||    28
       Tailslap          ||     2
 Cast: Foxfire           ||    28
Armor: Skin              ||    12
Dodge: Dodged            ||    22

Table legend: (Time is in decaauts)
 A = Elapsed time spent in this place.
 B = Non-inter-level travel time spent in this place.
 C = Inter-level travel time spent in this place.
 D = Time resting spent in this place.
 E = Time spent auto-exploring this place.
 F = Levels seen in this place.
 G = Mean time per level.
                   A        B        C        D        E       F      G
               +--------+--------+--------+--------+--------+-----+--------+
         Total |    578 |    194 |    384 |      0 |      0 |   1 |  578.0 |
       Dungeon |    578 |    194 |    384 |      0 |      0 |   1 |  578.0 |
               +--------+--------+--------+--------+--------+-----+--------+

Top non-repeatable levels by time:
     D:1: 578 daAuts
